Map: Stargazers

Players

Thynnus

  • Race: Protoss Protoss
  • League: Platinum
  • Spawn Location: 11:00

MacariusW - Winner!

  • Race: Zerg Zerg
  • League: Bronze
  • Spawn Location: 1:00

VOD

Have the link to the VOD?

Description

first sc2 game in 6 months

Time

  • Played on: Sept. 12, 2022, 11:54 a.m.
  • Length: 7:54
Show
View Real Time Build Order
Export as new Build Order

Thynnus Protoss 

Build Orders:  

Get SALT Encoding   

  12  0:00  Probe  
  13  0:12  Probe  
  14  0:18  Pylon  
  14  0:24  Probe  
  15  0:36  Gateway  
  15  0:40  Probe  
  16  0:49  Pylon  
  16  0:52  Probe  
  17  1:05  Assimilator  
  17  1:07  Probe  
  18  1:19  Probe  
  18  1:22  Pylon  
  19  1:27  Cybernetics Core  
  19  1:31  Probe  
  20  1:44  Probe  
  21  2:00  Nexus  
  21  2:04  Probe, Warp Gate (Chrono Boost)  
  22  2:13  Assimilator  
  22  2:19  Zealot  
  24  2:28  Pylon  
  24  2:31  Probe  
  25  2:46  Probe  
  25  2:48  Pylon  
  26  2:53  Stalker  
  26  2:58  Probe  
  29  3:03  Robotics Facility  
  29  3:11  Probe (Chrono Boost)  
  29  3:12  Probe (Chrono Boost)  
  31  3:21  Probe (Chrono Boost)  
  31  3:22  Probe (Chrono Boost)  
  31  3:26  Probe (Chrono Boost)  
  33  3:27  Probe (Chrono Boost)  
  33  3:33  Pylon  
  35  3:36  Probe  
  35  3:39  Probe  
  37  3:52  Gateway  
  37  3:53  Observer  
  37  3:55  Gateway  
  37  3:58  Gateway  
  37  4:01  Probe x2  
  39  4:13  Probe x2, Assimilator  
  41  4:19  Pylon  
  41  4:21  Observer  
  42  4:27  Probe  
  42  4:28  Probe (Chrono Boost)  
  42  4:31  Stalker, Assimilator  
  46  4:40  Probe (Chrono Boost)  
  46  4:44  Probe (Chrono Boost)  
  48  4:47  Immortal  
  48  4:50  Probe (Chrono Boost)  
  48  4:51  Probe (Chrono Boost)  
  54  4:55  Probe (Chrono Boost)  
  54  4:57  Probe  
  56  5:07  Probe  
  57  5:14  Probe  
  57  5:19  Probe  
  57  5:20  Stalker x2  
  63  5:28  Nexus  
  63  5:30  Immortal (Chrono Boost)  
  67  5:39  Zealot  
  67  5:40  Zealot  
  71  5:45  Twilight Council  
  71  5:48  Probe x2  
  73  5:59  Pylon  
  72  6:04  Stalker x3  
  72  6:10  Pylon  
  78  6:20  Pylon  
  78  6:21  Probe x2  
  78  6:23  Immortal, Charge (Chrono Boost)  
  84  6:30  Pylon  
  84  6:35  Forge  
  84  6:38  Probe x2  
  86  6:46  Zealot x3  
  92  6:48  Pylon  
  92  6:49  Probe  
  92  6:50  Probe x2  
  92  6:53  Assimilator  
  95  6:56  Pylon  
  95  7:05  Robotics Facility  
  95  7:11  Zealot  
  95  7:12  Zealot x3  
  99  7:40  Stalker x4  
Show
View Real Time Build Order
Export as new Build Order

MacariusW Zerg - Winner!

Build Orders: Hatch First 

Get SALT Encoding   

  12  0:00  Drone  
  13  0:13  Overlord  
  13  0:18  Drone  
  14  0:31  Drone x2  
  16  0:38  Drone  
  17  1:00  Drone x2  
  17  1:02  Extractor  
  18  1:05  Hatchery  
  17  1:18  Spawning Pool  
  16  1:27  Drone x2  
  16  1:32  Overlord  
  18  1:51  Drone x2  
  20  2:08  Queen  
  20  2:15  Zergling x4  
  24  2:17  Queen  
  26  2:24  Drone x2  
  26  2:28  Metabolic Boost  
  28  2:36  Drone x2  
  30  2:39  Drone  
  31  2:47  Overlord  
  31  2:54  Drone  
  32  3:12  Lair  
  32  3:13  Drone  
  32  3:14  Drone x3  
  36  3:33  Hatchery  
  35  3:34  Extractor  
  35  3:35  Drone x6  
  40  4:01  Drone  
  40  4:02  Drone x3  
  44  4:03  Extractor  
  44  4:08  Overlord x2  
  43  4:13  Overseer  
  43  4:19  Spore Crawler  
  43  4:21  Spore Crawler  
  43  4:22  Drone  
  43  4:23  Drone  
  43  4:29  Overlord x3  
  43  4:30  Overlord  
  43  4:37  Hatchery  
  42  4:50  Zergling x8  
  46  4:55  Extractor  
  45  5:00  Overlord  
  45  5:03  Zergling x2  
  45  5:04  Zergling x6  
  49  5:09  Spire  
  48  5:14  Zergling x2  
  49  5:27  Drone  
  49  5:28  Drone x5  
  55  5:35  Queen x2  
  59  5:44  Zergling x6  
  59  5:45  Drone  
  59  5:46  Drone  
  59  5:48  Drone  
  65  5:52  Queen  
  65  5:54  Drone x2  
  69  6:21  Mutalisk x5  
  69  6:22  Mutalisk x5  
  89  6:27  Zergling x2  
  89  6:28  Zergling x6  
  93  6:37  Drone  
  94  6:40  Drone x3  
  94  6:42  Drone x2  
  94  6:45  Extractor  
  94  6:46  Zergling x4  
  100  7:00  Queen  
  102  7:01  Queen  
  104  7:10  Hatchery  
  103  7:15  Overlord  
  103  7:16  Overlord x2  
Tags
 
Add a new tag
Caveats
  • Supply blocks, unpowered buildings, or Contaminate may cause inaccurate times.
  • Supply counts are checked every 10 seconds.